AoeStats
← MiyamotoMusashi27

Arena

504810055Analyzed
1v1 RM · 27d ago on Sep 6, 2026· 54m 14s· 2 players
Game mode
Random Map
Map size
Tiny (2 player)
Population
200
Speed
Normal
Resources
Standard
Victory
Conquest
Starting age
Dark Age
Ending age
Imperial Age
RankedLock teamsTeams togetherTeam positionsShared explorationLock speedFull tech treeHidden civsTurbo modeCheats
Victory
Defeat
🇦🇷 Hindustanis · Argentina
823
+18
🇹🇷 Persians · Türkiye
823
-16
MiyamotoMusashi27
11:02 Feudal Age
11:29 Double-Bit Axe
16:47 Castle Age
16:42 Stone Mining
17:54 Wheelbarrow
17:45 Bow Saw
17:36 Horse Collar
18:17 Heavy Plow
19:07 Stone Shaft Mining
24:39 Loom
25:10 Hand Cart
24:41 Town Watch
26:42 Town Patrol
28:33 Kamandaran
30:05 Gold Mining
30:38 Thumb Ring
29:53 Crossbowman
34:53 Imperial Age
32:55 Fletching
33:06 Padded Archer Armor
34:05 Bodkin Arrow
34:24 Bloodlines
34:16 Husbandry
35:13 Leather Archer Armor
36:29 Elite War Elephant
38:02 Ballistics
37:41 Murder Holes
40:34 Chemistry
40:29 Light Cavalry
42:53 Ring Archer Armor
42:45 Hussar
44:26 Cavalier
46:10 Scale Barding Armor
46:18 Forging
50:34 Masonry
54:34 Scale Mail Armor
54:55 Chain Barding Armor
55:12 Iron Casting
BrunoKyuss
8:04 Loom
8:20 Loom
10:37 Feudal Age
12:48 Double-Bit Axe
16:08 Castle Age
14:00 Horse Collar
17:16 Bow Saw
20:47 Fervor
24:13 Wheelbarrow
24:31 Husbandry
24:26 Gold Mining
28:07 Forging
27:47 Fletching
28:05 Grand Trunk Road
28:21 Redemption
28:22 Heavy Plow
29:22 Hand Cart
32:14 Imperial Age
29:31 Town Watch
31:58 Town Patrol
32:17 Bodkin Arrow
32:58 Iron Casting
32:11 Elite Skirmisher
34:51 Two-Man Saw
34:12 Block Printing
34:23 Illumination
34:18 Sanctity
34:31 Bracer
35:32 Blast Furnace
34:40 Heavy Camel Rider
37:29 Conscription
37:27 Thumb Ring
37:39 Padded Archer Armor
38:36 Hoardings
39:35 Ballistics
40:15 Chemistry
39:45 Bloodlines
39:48 Scale Barding Armor
40:00 Leather Archer Armor
40:40 Theocracy
40:39 Imperial Camel Rider
45:37 Light Cavalry
47:37 Chain Barding Armor
47:49 Ring Archer Armor
48:09 Hussar
54:07 Plate Barding Armor
Connection lost

Rejoining the realm…

Still unreachable

The connection could not be restored.

Session expired

The server has moved on; the page needs a fresh start.